 Dungeon Crawl Stone Soup version 0.14-a0-3295-g3fd807f (webtiles) character file.

267 Froboctopus the Grave Robber (level 4, -2/30 HPs)
             Began as a Mummy Necromancer on Mar 14, 2014.
             Killed from afar by sohrabkorkchi's ghost (10 damage)
             ... with a zap
             ... on Level 3 of the Dungeon.
             The game lasted 00:07:53 (2134 turns).

Froboctopus the Grave Robber (Mummy Necromancer)    Turns: 2134, Time: 00:07:53

HP  -2/30        AC 11     Str 15      XL: 4   Next: 47%
MP   3/10        EV 11     Int 15      God:
Gold 167         SH  0     Dex 12      Spells:  3 memorised,  4 levels left

rFire  x . .     SeeInvis .     g - +0,+2 dagger (protect)
rCold  + + .     Clarity  .     t - +1 leather armour {rC+}
rNeg   + + +     Conserve .     (no shield)
rPois  +         rCorr    .     r - +0 helmet
rElec  .         rRot     +     p - +0 cloak
SustAb . .       Spirit   .     (no gloves)
rMut   .         Warding  .     (no boots)
Saprov . . .     Stasis   .     (no amulet)
MR     .....                    (no ring)
                                k - +4 ring of strength

@: not resistant to hostile enchantments, unstealthy
A: no food or potions, fire vulnerability, restore body, cold resistance 1, life
protection 3, poison resistance, torment resistance, unbreathing
a: no special abilities


You were on level 3 of the Dungeon.
You were not hungry.

You visited 1 branch of the dungeon, and saw 3 of its levels.

You collected 167 gold pieces.

Inventory:

Hand weapons
 g - a +0,+2 dagger of protection (weapon)
Armour
 p - a +0 cloak (worn)
 r - a +0 helmet (worn)
 t - a +1 leather armour of cold resistance (worn)
Scrolls
 c - 2 scrolls of enchant weapon II {unknown}
 d - 2 scrolls of recharging {unknown}
 e - a scroll of fog {unknown}
 f - a scroll of teleportation {unknown}
 h - a scroll of enchant weapon I {unknown}
 i - a scroll of fear {unknown}
 j - 2 scrolls of random uselessness {unknown}
 l - a scroll of identify {unknown}
 m - a scroll of magic mapping {unknown}
 n - a scroll of amnesia {unknown}
 o - 3 scrolls of remove curse {unknown}
 q - a scroll of blinking {unknown}
 s - a scroll of noise {unknown}
Jewellery
 k - a +4 ring of strength (left hand)
Books
 b - a book of Necromancy

   Spells                             Type                      Level
   *Pain                              Necromancy                   1
   *Animate Skeleton                  Necromancy                   1
   Lethal Infusion                    Charms/Necromancy            2
   Vampiric Draining                  Necromancy                   3
   Regeneration                       Charms/Necromancy            3
   *Animate Dead                      Necromancy                   4
   Control Undead                     Necromancy                   4


   Skills:
 - Level 1.5 Dodging
 - Level 1.5 Stealth
 + Level 3.6 Spellcasting
 + Level 4.8 Necromancy


You had 4 spell levels left.
You knew the following spells:

 Your Spells              Type           Power        Failure   Level  Hunger
a - Pain                  Necr           ###.         2%          1    N/A
b - Animate Skeleton      Necr           N/A          2%          1    N/A
c - Animate Dead          Necr           N/A          28%         4    N/A

Dungeon Overview and Level Annotations

Branches:
Dungeon (3/15)

Altars:
Trog

Annotations:
D:3 sohrabkorkchi's ghost, average DgAE


Innate Abilities, Weirdness & Mutations

You do not eat or drink.
Your flesh is vulnerable to fire.
Your flesh is cold resistant.
You are immune to negative energy.
Your system is resistant to poisons.
You are immune to unholy pain and torment.
You can survive without breathing.


Message History

Sohrabkorkchi's ghost hits you.
* * * LOW HITPOINT WARNING * * *
Your giant gecko zombie barely misses sohrabkorkchi's ghost.
Sohrabkorkchi's ghost casts a spell at you.
The zap hits your giant gecko zombie.
Your giant gecko zombie is destroyed!
The zap hits you!
There is an open door here.
Sohrabkorkchi's ghost casts a spell at you.
The zap misses you.
You close the door.
Sohrabkorkchi's ghost opens the door.
You see here a giant newt corpse.
Press: ? - help, v - describe, . - travel
Here: sohrabkorkchi's ghost (heavily damaged, moving somewhat quickly)
The floor.
Unknown command.
Sohrabkorkchi's ghost gestures at you while chanting.
The zap hits you!
You die...

.# #.........# .# ########'##
.# #.# .# #.# .# ##.#
#####+#### ## #..# #.........
###########.## #.........
#...........#######..........
##########....)@%.'p...).....
#.########.......... #.#
#......... #.# #######'## #.#
# #.# #'# ... #


You could see sohrabkorkchi's ghost.

Vanquished Creatures
  3 adders (D:2)
  A worm (D:2)
  5 giant geckos
  An ooze (D:3)
  4 ball pythons
  6 bats
  3 giant cockroaches
  7 hobgoblins
  A quokka (D:3)
  4 giant newts
  7 goblins
  9 kobolds
  2 rats (D:1)
53 creatures vanquished.

Vanquished Creatures (collateral kills)
  A giant gecko (D:3)
  A giant cockroach (D:1)
  A goblin (D:1)
  A hobgoblin (D:1)
  A kobold (D:2)
  A bat (D:1)
  A rat (D:1)
7 creatures vanquished.

Vanquished Creatures (others)
  An adder skeleton (D:2)
  2 giant gecko zombies (D:3)
  A goblin skeleton (D:2)
  2 kobold skeletons (D:2)
6 creatures vanquished.

Grand Total: 66 creatures vanquished

Notes
Turn   | Place    | Note
--------------------------------------------------------------
     0 | D:1      | Froboctopus, the Mummy Necromancer, began the quest for the Orb.
     0 | D:1      | Reached XP level 1. HP: 13/13 MP: 3/3
    80 | D:1      | Learned a level 1 spell: Animate Skeleton
   171 | D:1      | Reached XP level 2. HP: 19/19 MP: 0/5
  1036 | D:2      | Reached XP level 3. HP: 24/24 MP: 4/6
  1569 | D:2      | Reached XP level 4. HP: 30/30 MP: 7/9
  1597 | D:2      | Learned a level 4 spell: Animate Dead
  2004 | D:3      | Found a bloodstained altar of Trog.
  2112 | D:3      | Noticed sohrabkorkchi's ghost (average DgAE)
  2134 | D:3      | Killed from afar by sohrabkorkchi's ghost

Action                   |  1- 3 |  4- 6 || total
-------------------------+-------+-------++-------
Melee: Unarmed           |     8 |       ||     8
       Dagger            |    45 |    24 ||    69
       Whip              |     4 |       ||     4
 Cast: Pain              |    58 |    26 ||    84
       Animate Skeleton  |    11 |       ||    11
       Animate Dead      |       |     2 ||     2
 Stab: Sleeping          |     2 |       ||     2
